Map: Beckett Industries LE

Players

Dane - Winner!

  • Race: Protoss Protoss
  • League: Silver

QUACK

  • Race: Protoss Protoss
  • League: Silver

VOD

Have the link to the VOD?

Description

Time

  • Played on: Jan. 5, 2022, 10:46 a.m.
  • Length: 18:19
Show
View Real Time Build Order
Export as new Build Order

Dane Protoss - Winner!

Build Orders: Carriers 

Get SALT Encoding   

  12  0:01  Probe (Chrono Boost)  
  13  0:12  Probe (Chrono Boost)  
  14  0:20  Probe  
  15  0:27  Pylon  
  15  0:45  Probe  
  16  0:57  Probe  
  17  1:09  Probe  
  17  1:10  Nexus  
  18  1:14  Gateway  
  18  1:21  Probe (Chrono Boost)  
  19  1:28  Assimilator  
  19  1:29  Assimilator  
  19  1:31  Probe (Chrono Boost)  
  20  1:36  Probe (Chrono Boost)  
  21  1:45  Forge  
  21  1:52  Probe  
  22  2:04  Probe (Chrono Boost)  
  22  2:07  Pylon  
  23  2:22  Pylon  
  24  2:23  Probe (Chrono Boost)  
  24  2:26  Probe (Chrono Boost)  
  26  2:32  Probe (Chrono Boost)  
  26  2:34  Probe (Chrono Boost)  
  27  2:43  Zealot  
  29  2:44  Pylon  
  29  2:54  Pylon  
  29  2:59  Cybernetics Core  
  29  3:10  Zealot  
  31  3:22  Photon Cannon  
  31  3:37  Stargate, Zealot  
  33  3:42  Probe (Chrono Boost)  
  33  3:43  Probe (Chrono Boost)  
  35  3:50  Assimilator  
  35  3:53  Probe x2 (Chrono Boost)  
  37  3:58  Probe x2 (Chrono Boost)  
  37  4:01  Photon Cannon  
  39  4:04  Zealot  
  39  4:05  Shield Battery  
  39  4:08  Shield Battery, Probe  
  39  4:09  Probe  
  43  4:21  Probe x2  
  45  4:31  Stalker  
  45  4:33  Probe x2  
  45  4:35  Fleet Beacon  
  49  4:45  Pylon, Probe x2  
  51  4:58  Stargate  
  51  4:59  Pylon, Stargate  
  51  5:01  Oracle  
  54  5:42  Carrier  
  66  5:43  Carrier  
  66  5:59  Carrier  
  72  6:04  Assimilator, Probe (Chrono Boost)  
  72  6:05  Probe (Chrono Boost)  
  74  6:16  Probe (Chrono Boost), Nexus  
  74  6:17  Probe (Chrono Boost)  
  76  6:24  Probe (Chrono Boost)  
  76  6:25  Probe (Chrono Boost)  
  78  6:36  Probe x2  
  77  6:44  Photon Cannon  
  77  6:47  Photon Cannon  
  77  6:48  Probe  
  78  7:00  Pylon  
  78  7:02  Pylon  
  78  7:03  Pylon  
  78  7:05  Pylon  
  78  7:06  Pylon  
  78  7:08  Pylon  
  78  7:12  Void Ray  
  78  7:13  Void Ray  
  78  7:14  Void Ray  
  78  7:20  Probe  
  91  7:34  Shield Battery  
  91  7:36  Shield Battery  
  91  7:41  Shield Battery  
  91  7:42  Shield Battery  
  91  7:43  Shield Battery  
  91  7:45  Shield Battery  
  91  7:49  Photon Cannon x2  
  91  7:51  Photon Cannon  
  91  7:53  Photon Cannon  
  91  7:54  Photon Cannon  
  91  9:21  Carrier x3  
  109  9:32  Pylon, Probe x2 (Chrono Boost)  
  109  9:33  Pylon, Probe (Chrono Boost)  
  109  9:34  Pylon  
  109  9:35  Pylon  
  109  9:36  Pylon  
  109  9:37  Pylon  
  112  9:40  Assimilator, Pylon  
  112  9:41  Pylon  
  112  9:42  Pylon  
  112  9:43  Pylon  
  112  9:44  Assimilator, Probe x2 (Chrono Boost)  
  112  9:45  Probe (Chrono Boost)  
  115  9:50  Probe x3 (Chrono Boost)  
  118  9:56  Nexus  
  118  9:58  Probe x2  
  117  10:00  Probe  
  111  10:10  Probe x2  
  111  10:12  Probe  
  110  10:28  Shield Battery  
  110  10:30  Shield Battery  
  110  10:32  Shield Battery  
  110  10:33  Shield Battery  
  110  10:34  Shield Battery x2  
  110  10:38  Photon Cannon  
  110  10:44  Probe  
  110  10:45  Probe x2  
  110  10:46  Photon Cannon x2  
  110  10:48  Photon Cannon x2  
  110  10:49  Photon Cannon  
  113  10:51  Photon Cannon  
  113  10:52  Photon Cannon  
  113  10:54  Tempest  
  113  10:56  Probe  
  115  12:03  Pylon x2  
  115  12:06  Pylon  
  115  12:16  Carrier x3  
  133  12:22  Stargate  
  133  12:23  Stargate  
  133  12:25  Stargate  
  133  12:27  Stargate  
  133  12:31  Photon Cannon x2  
  133  12:33  Photon Cannon  
  133  12:34  Photon Cannon  
  133  12:39  Photon Cannon x2  
  133  12:46  Probe x3  
  136  12:58  Probe x3  
  139  13:06  Assimilator  
  139  13:08  Assimilator  
  139  13:10  Probe x3  
  142  13:20  Tempest  
  142  13:22  Probe  
  142  13:23  Probe x2  
  150  13:28  Nexus  
  150  13:56  Carrier x2 (Chrono Boost)  
  150  13:57  Tempest x4 (Chrono Boost)  
  182  14:09  Void Ray (Chrono Boost)  
  186  14:27  Void Ray x3  
  197  17:22  Photon Cannon x2  
  197  17:24  Photon Cannon  
  197  17:25  Photon Cannon  
Show
View Real Time Build Order
Export as new Build Order

QUACK Protoss 

Build Orders:  

Get SALT Encoding   

  12  0:00  Probe  
  13  0:12  Probe  
  14  0:19  Pylon  
  14  0:24  Probe (Chrono Boost)  
  15  0:36  Probe (Chrono Boost)  
  16  0:46  Gateway  
  16  0:48  Probe  
  17  1:01  Pylon  
  17  1:15  Assimilator  
  17  1:16  Probe  
  18  1:28  Probe  
  19  1:37  Cybernetics Core  
  19  1:40  Probe  
  20  1:52  Probe  
  21  2:05  Probe  
  21  2:07  Assimilator  
  22  2:10  Nexus  
  22  2:17  Probe  
  22  2:21  Warp Gate  
  22  2:22  Stalker  
  25  2:29  Probe  
  26  2:36  Gateway  
  26  2:41  Pylon, Probe  
  27  2:57  Stalker  
  29  3:04  Robotics Facility  
  28  3:20  Probe  
  29  3:31  Stalker  
  29  3:32  Stalker  
  33  3:34  Probe  
  33  3:35  Probe  
  35  3:46  Probe  
  35  3:47  Probe  
  37  3:50  Stargate  
  37  3:59  Assimilator  
  37  4:00  Probe x2 (Chrono Boost)  
  41  4:10  Probe x2 (Chrono Boost)  
  41  4:12  Stalker  
  41  4:13  Stalker  
  45  4:18  Observer, Probe  
  45  4:20  Probe  
  48  4:30  Probe  
  49  4:32  Pylon, Probe  
  50  4:39  Immortal  
  54  4:50  Probe x2  
  54  4:51  Pylon  
  56  4:54  Pylon  
  56  4:58  Pylon  
  56  5:01  Oracle  
  56  5:03  Pylon  
  56  5:05  Probe  
  56  5:06  Probe  
  61  5:07  Pylon  
  61  5:17  Stalker  
  61  5:19  Stalker  
  65  5:26  Probe  
  65  5:27  Pylon, Probe  
  67  5:35  Immortal  
  71  5:38  Probe  
  71  5:39  Probe  
  73  5:46  Assimilator  
  73  5:50  Probe  
  73  5:51  Probe  
  73  5:53  Stalker x2  
  79  6:03  Void Ray  
  83  6:13  Probe  
  83  6:14  Probe  
  85  6:20  Nexus  
  85  6:23  Assimilator  
  82  6:25  Assimilator, Probe  
  82  6:26  Probe  
  79  6:58  Void Ray  
  79  7:02  Stalker x2  
  87  7:20  Probe x2  
  89  7:33  Probe x2 (Chrono Boost)  
  93  7:37  Observer  
  93  7:38  Probe (Chrono Boost)  
  93  7:41  Stalker x2  
  93  7:43  Probe x2 (Chrono Boost)  
  99  7:47  Probe (Chrono Boost)  
  99  7:48  Probe x2 (Chrono Boost)  
  99  7:49  Gateway  
  99  7:51  Stargate  
  102  7:52  Protoss Air Weapons Level 1  
  102  8:00  Probe x2  
  102  8:01  Probe  
  102  8:05  Pylon  
  102  8:06  Shield Battery  
  102  8:09  Shield Battery  
  102  8:11  Pylon  
  102  8:12  Probe  
  90  8:24  Stalker  
  90  8:25  Stalker  
  80  8:41  Void Ray x2 (Chrono Boost)  
  76  9:04  Stalker x3  
  82  9:15  Void Ray x2 (Chrono Boost)  
  82  9:16  Probe x3  
  85  9:24  Gateway  
  93  9:26  Gateway  
  93  9:28  Probe x2  
  93  9:29  Gateway  
  93  9:31  Gateway, Probe  
  96  9:35  Gateway, Stalker x3  
  96  9:38  Gateway, Observer  
  103  9:40  Probe x2  
  103  9:45  Void Ray x2  
  105  9:46  Probe  
  105  9:52  Probe  
  97  10:11  Stalker  
  97  10:12  Stalker x2  
  93  10:22  Void Ray x2  
  93  10:24  Probe x2  
  93  10:25  Probe  
  102  10:36  Probe  
  102  10:41  Stalker x3  
  109  10:48  Twilight Council  
  110  10:57  Probe x3  
  110  10:58  Pylon  
  110  10:59  Void Ray  
  110  11:00  Pylon, Void Ray  
  110  11:02  Pylon  
  112  11:04  Pylon  
  112  11:06  Pylon, Stalker x2  
  112  11:07  Stalker  
  123  11:27  Protoss Air Armor Level 1  
  123  11:33  Probe x2  
  123  11:34  Probe  
  123  11:36  Void Ray  
  123  11:37  Void Ray  
  122  11:43  Stalker x3  
  122  11:45  Probe  
  121  11:57  Gateway  
  121  11:59  Gateway  
  119  12:01  Gateway x2  
  119  12:06  Stalker x3  
  119  12:07  Stalker x2  
  129  12:11  Stalker  
  129  12:12  Stalker x2  
  135  12:18  Templar Archives  
  135  12:20  Nexus  
  135  12:23  Void Ray x2  
  135  12:25  Pylon  
  135  12:28  Pylon  
  143  12:43  Stalker x5  
  153  12:45  Stalker  
  153  12:50  Shield Battery  
  155  12:59  Pylon  
  155  13:00  Void Ray  
  155  13:03  Pylon  
  155  13:08  Pylon  
  159  13:32  Void Ray  
  155  13:37  Void Ray  
  155  13:43  High Templar x3  
  161  14:03  Fleet Beacon  
  161  14:05  Probe x3  
  161  14:06  Probe  
  161  14:09  Void Ray  
  165  14:14  Void Ray  
  169  14:17  Probe x2  
  169  14:18  Probe x2  
  177  14:29  Assimilator  
  177  14:30  Assimilator  
  177  14:37  High Templar x3  
  183  14:41  Archon  
  183  14:42  Archon  
  183  14:45  Archon  
  163  15:05  Shield Battery  
  163  15:06  Shield Battery  
  155  15:07  Shield Battery  
  109  15:51  Stalker  
  109  15:52  Stalker x3  
  109  15:53  Stalker x4  
  104  16:27  Stargate x2  
  104  16:30  Stargate  
  104  16:34  Cybernetics Core  
  104  16:45  Pylon x2  
  104  16:48  Pylon  
  102  16:57  Cybernetics Core  
  100  17:04  Forge  
  91  17:31  Void Ray (Chrono Boost)  
  91  17:32  Void Ray (Chrono Boost)  
  91  17:37  Void Ray (Chrono Boost)  
Tags
 
Add a new tag
Caveats
  • Supply blocks, unpowered buildings, or Contaminate may cause inaccurate times.
  • Supply counts are checked every 10 seconds.